 Dungeon Crawl Stone Soup version 0.22-a0-480-g991dd4b (webtiles) character file.

353 Amnesiac the Prestidigitator (level 6, 0/29 HPs)
             Began as a Spriggan Artificer on June 16, 2018.
             Was an Initiate of Gozag.
             Shot with an arrow by a centaur (12 damage)
             ... on level 7 of the Dungeon.
             The game lasted 00:10:06 (2448 turns).

Amnesiac the Prestidigitator (Spriggan Artificer)   Turns: 2448, Time: 00:10:07

Health: 0/29       AC:  5    Str: 10    XL:     6   Next: 35%
Magic:  14/14      EV: 18    Int: 13    God:    Gozag
Gold:   61         SH:  0    Dex: 16    Spells: 5/5 levels left

rFire    . . .     SeeInvis +   a - +0 short sword
rCold    . . .     Gourm    .   (shield restricted)
rNeg     . . .     Faith    .   b - +0 robe
rPois    .         Spirit   .   (helmet restricted)
rElec    .         Reflect  .   o - +2 cloak
rCorr    .         Harm     .   (gloves unavailable)
MR       +....                  (boots unavailable)
Stlth    ++........             (no amulet)
HPRegen  0.09/turn              (no ring)
MPRegen  0.14/turn              (no ring)

@: very quick
A: very small, unfitting armour, see invisible, herbivore, speed 3, slow
metabolism 2
a: Potion Petition, Call Merchant, Bribe Branch, Renounce Religion


You were on level 7 of the Dungeon.
You worshipped Gozag.
Gozag was noncommittal.
You were not hungry.

You visited 1 branch of the dungeon, and saw 7 of its levels.

You collected 167 gold pieces.
You paid 106 gold pieces to Gozag.

Inventory:

Hand Weapons
 a - a +0 short sword (weapon)
 q - a +0 hunting sling
Missiles
 s - 42 stones (quivered)
Armour
 b - a +0 robe (worn)
 o - a +2 cloak (worn)
Jewellery
 n - an uncursed ring of protection from magic {unknown}
Wands
 c - a wand of flame (8)
 d - a wand of enslavement (15)
 e - a wand of random effects (2)
Scrolls
 h - 5 scrolls of remove curse {!r, unknown}
 k - 2 scrolls of teleportation {!r}
 m - 7 scrolls of identify {!r, unknown}
 r - a scroll of immolation {!r, unknown}
Potions
 g - 2 potions of mutation {!q, unknown}
 i - a potion of brilliance {!q, unknown}
 j - a potion of ambrosia {!q, unknown}
 l - a potion of heal wounds {!q, unknown}
 p - 2 potions of lignification {!q, unknown}
Comestibles
 f - 4 rations


   Skills:
 - Level 0.7 Fighting
 - Level 1.1 Short Blades
 - Level 3.0 Dodging
 - Level 1.5 Stealth
 + Level 9.5 Evocations


You had 5 spell levels left.
You didn't know any spells.
Your spell library was empty.

Dungeon Overview and Level Annotations

Branches:
Dungeon (7/15)
 Temple: D:4-7

Altars:
Gozag
Sif Muna
Xom

Annotations:
D:4 Amnesiac's ghost, weakling SpAr; Ijyb


Innate Abilities, Weirdness & Mutations

You are very small and have problems with some larger weapons.
You are too small for most types of armour.
You have supernaturally acute eyesight. (SInv)
You are a herbivore.
You cover ground extremely quickly.
You need to consume almost no food.


Message History

The iguana hisses angrily.
Found 18 sling bullets.
A worker ant comes into view.
The adder hisses angrily.
The adder closely misses you.
The worker ant twitches its antennae in your direction.
The orc is too close now for your liking.
There is an escape hatch in the floor here.
You slide downwards.
The hatch slams shut behind you.
You hear the roar of battle.
There is an entrance to a bailey on this level.
Hurry and find it before the portal closes forever!
You open the door.
There is an open door here.
You open the door.
There is an open door here.
You open the door.
There is an open door here.
s - 17 stones
s - 30 stones (gained 13)
Found a stone staircase leading down.
The orc is too close now for your liking.
There is a stone staircase leading down here.
An iguana comes into view.
Found 12 stones.
s - 42 stones (gained 12)
Found 13 poisoned needles.
Wield which item (- for none, * to show all)? (? for menu, Esc to quit)
Okay, then.
Unknown command.
The iguana hisses angrily.
You see here 13 poisoned needles.
t - 13 poisoned needles You drop 13 poisoned needles.
You hear the faint creaking of a very distant portcullis.
You open the door.
Found 21 bolts.
There is an open door here.
You close the door.
You open the door.
There is an open door here.
As you open the door, it creaks loudly!
You hear a shout!
Found an opulent altar of Gozag.
A centaur opens the door.
Found a stone staircase leading up.
There is an open door here.
The centaur wields a shortbow.
The centaur shoots an arrow.
The arrow hits you!
There is an opulent altar of Gozag here.
You see here an arrow.
You kneel at the altar of Gozag.
Gozag welcomes you!
You pay a service fee of 106 gold.
Gozag offers you a free set of potion effects!
The centaur shoots an arrow.
The arrow hits you.
* * * LOW HITPOINT WARNING * * *
Evoke which item? (* to show all) (? for menu, Esc to quit)
Aiming: Random Effects
Press: ? - help, Shift-Dir - straight line, f - centaur
Aim: a centaur, wielding a shortbow The fireball explodes!
The fireball engulfs the centaur.
The centaur is moderately wounded.
You hear an angry hiss.
The centaur shoots an arrow.
The arrow hits you!
You die...
Your body crumbles into a pile of gold.

#.
#........#
#........#
####'#####
#.# #.#
#.# #.#
#+#.#
+@'.#
#'#....#
#.c#.####
#.....
#.##... ..
####. ###
.. .<


You could see a centaur.

Vanquished Creatures
  3 ogres
  Blork the orc (D:5)
  An orc priest (D:4)
  4 jackals (D:5)
  2 quokkas
11 creatures vanquished.

Notes
Turn   | Place    | Note
-------+----------+-------------------------------------------
     0 | D:1      | Amnesiac the Spriggan Artificer began the quest for the Orb.
     0 | D:1      | Reached XP level 1. HP: 9/9 MP: 4/4
   321 | D:3      | Found a deep blue altar of Sif Muna.
   346 | D:4      | Noticed an orc wizard
   364 | D:4      | Noticed an ogre
   368 | D:4      | Killed an ogre
   368 | D:4      | Reached skill level 6 in Evocations
   368 | D:4      | Reached XP level 2. HP: 14/14 MP: 5/7
   368 | D:4      | Reached XP level 3. HP: 17/17 MP: 5/8
   368 | D:4      | Reached XP level 4. HP: 21/21 MP: 6/10
   405 | D:4      | Noticed an ogre
   438 | D:4      | Killed an ogre
   438 | D:4      | Reached skill level 8 in Evocations
   438 | D:4      | Reached XP level 5. HP: 23/25 MP: 10/12
   687 | D:4      | Noticed Ijyb
   696 | D:4      | Noticed Amnesiac's ghost (weakling SpAr)
  1042 | D:5      | Entered Level 5 of the Dungeon
  1100 | D:5      | Noticed a sky beast
  1102 | D:5      | Found a shimmering altar of Xom.
  1216 | D:5      | Noticed an ogre
  1256 | D:5      | Killed an ogre
  1256 | D:5      | Reached skill level 9 in Evocations
  1256 | D:5      | Reached XP level 6. HP: 29/29 MP: 13/13
  1394 | D:5      | Noticed Blork the orc
  1406 | D:5      | Killed Blork the orc
  1730 | D:6      | Noticed an orc warrior
  2444 | D:7      | Found an opulent altar of Gozag.
  2447 | D:7      | Became a worshipper of Gozag Ym Sagoz the Greedy
  2448 | D:7      | Shot with an arrow by a centaur

Vault maps used:
D:1:      evilmike_arrival_hilbert_curve
D:2:      lightli_corner_chamber, uniq_jessica, uniq_terence,
          uniq_crazy_yiuf_cottage
D:3:      nicolae_overflow_crystal_walls, first_ration,
          nicolae_gozag_zags_fifth_avenue
D:4:      tso_altar, uniq_ijyb
D:5:      kennysheep_mini_moat, uniq_blork_the_orc
D:7:      kennysheep_mini, minmay_temple_entry_statues_pillars, enter_bailey_2

Skill      XL: |  1  2  3  4  5 |
---------------+----------------+-----
Evocations     | 6 8 9 |  9.5
Fighting       | |  0.7
Short Blades   | |  1.1
Dodging        | |  3.0
Stealth        | |  1.5

Action                   |  1- 3 |  4- 6 || total
-------------------------+-------+-------++-------
Melee: Short sword       |       |    17 ||    17
Evoke: Wand              |     2 |    18 ||    20
  Use: Scroll            |       |     1 ||     1
 Stab: Paralysed         |       |     1 ||     1
Armor: Robe              |     1 |    11 ||    12
Dodge: Dodged            |     5 |    61 ||    66

Table legend:
 A = Spawn XP
 B = Non-spawn XP
 C = Spawn XP percentage of total XP
 D = Spawn monster count
 E = Non-spawn monster count
 F = Spawn count percentage of total count
 G = Total turns spent on level
                    A         B        C        D         E        F      G
               +---------+---------+-------+---------+---------+-------+---------
         Total |       0 |     505 |   0.0 |       0 |      11 |   0.0 |  2448
               +---------+---------+-------+---------+---------+-------+---------
           D:4 |       0 |     283 |   0.0 |       0 |       4 |   0.0 |   703
           D:5 |       0 |     222 |   0.0 |       0 |       7 |   0.0 |   414
               +---------+---------+-------+---------+---------+-------+---------
